 Dungeon Crawl Stone Soup version 0.28.0-45-g0d030f2227 (webtiles) character file.

Game seed: 5749129602865253827

100 zeratav the Insei (level 4, -1/29 HPs)
             Began as an Octopode Transmuter on Apr 7, 2022.
             Splashed by a jelly's acid (9 damage)
             ... in a sewer.
             The game lasted 00:06:33 (3956 turns).

zeratav the Insei (Octopode Transmuter)             Turns: 3956, Time: 00:06:34

Health: -1/29      AC:  1    Str:  9    XL:     4   Next: 73%
Magic:  7/7        EV: 13    Int: 15    God:
Gold:   94         SH:  0    Dex: 14    Spells: 3/7 levels left

rFire   . . .      SeeInvis .     - Unarmed
rCold   . . .      Faith    .   (no shield)
rNeg    . . .      Spirit   .   (helmet restricted)
rPois   .          Reflect  .   (no amulet)
rElec   .          Harm     .   (no ring)
rCorr   .          Rampage  .   (no ring)
Will    .....                   (no ring)
Stlth   +++.......              (no ring)
HPRegen 0.09/turn               (no ring)
MPRegen 0.10/turn               (no ring)
                                (no ring)
                                (no ring)

@: no status effects
A: almost no armour, amphibious, 8 rings, camouflage 1, gelatinous body 1,
(nimble swimmer 1), tentacles
a: no special abilities


You were in a sewer.
You visited 1 branch of the dungeon, and saw 3 of its levels.
You also visited: Sewer.

You collected 94 gold pieces.


Innate Abilities, Weirdness & Mutations

You cannot wear most types of armour.
You are amphibious.
You can wear up to eight rings at the same time.
Your skin changes colour to match your surroundings (Stealth+).
Your rubbery body absorbs attacks. (AC +1, EV +1)
((You are camouflaged when in or above water. (Stealth+)))
You have tentacles for arms and can constrict up to eight enemies at once.


   Skills:
 + Level 1.9 Fighting
 + Level 2.6 Dodging
 + Level 2.1 Stealth
 * Level 3.9 Unarmed Combat
 - Level 2.0 Spellcasting
 + Level 2.6 Transmutations


You had 3 spell levels left.
You knew the following spells:

 Your Spells              Type           Power      Damage    Failure   Level
a - Beastly Appendage     Tmut           18%        N/A       8%          1
b - Spider Form           Tmut/Pois      5%         N/A       36%         3

Your spell library contained the following spells:

 Spells                   Type           Power      Damage    Failure   Level
 Wereblood                Tmut           9%         N/A       12%         2
 Stone Arrow              Conj/Erth      2%         3d7       54%         3
 Ice Form                 Ice/Tmut       5%         N/A       78%         4
 Lehudib's Crystal Spear  Conj/Erth      0%         10d2      100%        8
 Animate Armour           Summ/Erth      Unusable   N/A       N/A         4

Inventory:

Scrolls
 a - a scroll of noise {unknown}
 c - a scroll of fog {unknown}
 d - 2 scrolls of identify {unknown}
Potions
 b - 2 potions of attraction {unknown}
 e - a potion of curing {unknown}
 f - a potion of might {unknown}

Dungeon Overview and Level Annotations

Branches:
Dungeon (3/15)              Sewer (1/1)

Altars:
Hepliaklqana
Makhleb
Okawaru
Sif Muna
Uskayaw

≈≈.# ≈.≈≈# #.≈≈
##### ####.≈#
##≈.≈##
.≈.#≈≈.##.≈≈≈≈##
≈.≈.≈≈≈#..≈#≈.≈#
##≈≈≈≈≈.≈.##≈≈.#
#≈.≈.≈.≈≈##≈.≈##
...##≈..†#?@.##
##≈..≈.##J.)#
#..≈≈≈≈÷##≈.#
≈..≈≈##.≈.≈####
.≈.≈# ##.≈.≈.##
#≈.# ##≈...≈#
#≈≈ ###.≈.# #≈
##.≈## #≈..#


You could see a jelly.


Message History

You squeeze the endoplasm.
You kill the endoplasm!
An endoplasm comes into view.
Your transformation is almost over.
You tentacle-slap the rat.
You kill the rat!
MP[+1]
Your mp is fully restored (7).
A giant cockroach and a river rat come into view.
The helpless endoplasm fails to defend itself.
You tentacle-slap the endoplasm. You squeeze the endoplasm.
You kill the endoplasm!
The river rat barely misses you.
You tentacle-slap the river rat. Your grab misses the river rat.
Your tentacle spike misses the river rat.
You squeeze the river rat.
Your tentacle spike disappears.
The river rat bites you!
HP[-7]
You take 7 damage, and now have 22/29 hp.
MASSIVE DAMAGE!! (PAUSE)
You barely miss the river rat. Your grab misses the river rat.
The river rat bites you!
HP[-7]
You take 7 damage, and now have 15/29 hp.
MASSIVE DAMAGE!! (PAUSE)
You tentacle-slap the river rat but do no damage.
Your grab misses the river rat. The river rat misses you.
You tentacle-slap the river rat. You grab the river rat.
You constrict the river rat.
You kill the river rat!
You start resting.
HP[+14]
Your hp is fully restored (29).
You start waiting.
Done waiting.
This spell is extremely dangerous to cast!
Memorise Spider Form, consuming 3 spell levels and leaving 3?
You start memorising the spell.
You continue memorising. x3
You finish memorising.
Spell assigned to 'b'.
A frilled lizard comes into view.
Casting: Beastly Appendage (safe; 8% risk of failure)
Confirm with . or Enter, or press ? or * to list all spells.
The spell is extremely dangerous to miscast (36% risk of failure)!
Continue anyway?
Okay, then.
The helpless endoplasm fails to defend itself.
You tentacle-slap the endoplasm.
You squeeze the endoplasm, but do no damage.
The endoplasm hits you.
HP[-1]
You take 1 damage, and now have 28/29 hp.
You barely miss the endoplasm.
You tentacle-slap the endoplasm, but do no damage.
The endoplasm freezes you.
You are frozen.
HP[-3]
You take 3 damage, and now have 25/29 hp.
You tentacle-slap the endoplasm.
You kill the endoplasm!
The frilled lizard hisses angrily.
The frilled lizard barely misses you.
You tentacle-slap the giant cockroach. You grab the giant cockroach.
You constrict the giant cockroach. The giant cockroach closely misses you.
The giant cockroach bites you.
The frilled lizard bites you but does no damage.
HP[-2]
You take 2 damage, and now have 23/29 hp.
You tentacle-slap the giant cockroach but do no damage.
You squeeze the giant cockroach.
You kill the giant cockroach!
HP[+1]
You closely miss the frilled lizard. Your grab misses the frilled lizard.
You squeeze the frilled lizard.
You kill the frilled lizard!
You start resting.
HP[+5]
Your hp is fully restored (29).
A jelly comes into view.
The helpless jelly fails to defend itself.
You tentacle-slap the jelly.
Your tentacles burn!
The jelly completely misses you.
HP[-3]
You take 3 damage, and now have 26/29 hp.
You tentacle-slap the jelly.
Your tentacles burn!
The jelly closely misses you.
HP[-2]
You take 2 damage, and now have 24/29 hp.
You barely miss the jelly. The jelly barely misses you.
HP[+1]
You completely miss the jelly. You squeeze the jelly. The jelly hits you.
You are splashed with acid!
HP[-10]
You take 10 damage, and now have 15/29 hp.
MASSIVE DAMAGE!! (PAUSE)
You barely miss the jelly. The jelly completely misses you.
You tentacle-slap the jelly.
Your tentacles burn!
* * * LOW HITPOINT WARNING * * *
Your squeeze misses the jelly. The jelly hits you.
* * * LOW HITPOINT WARNING * * *
You are splashed with acid!
You die...

Skill      XL: |  1  2  3  4 |
---------------+-------------+-----
Stealth        | 1 2 |  2.1
Fighting       | |  1.9
Dodging        | |  2.6
Unarmed Combat | |  3.9
Spellcasting   | |  2.0
Transmutations | |  2.6

Action                   |  1- 3 |  4- 6 || total
-------------------------+-------+-------++-------
Melee: Unarmed           |    71 |    45 ||   116
       Tentacles         |    21 |    13 ||    34
       Constrict         |    23 |     7 ||    30
       Kick              |     8 |     4 ||    12
       Punch             |     2 |     1 ||     3
 Cast: Beastly Appendage |    22 |     1 ||    23
 Stab: Sleeping          |    10 |     3 ||    13
Armor: Skin              |     7 |     3 ||    10
Dodge: Dodged            |    43 |    21 ||    64

Levels and vault maps discovered:
D:1:      erik_arrival_blinker_ship, layout_loops_ring
D:2:      layout_loops_ring, minmay_surrounded
D:3:      layout_basic, chequers_temple_overflow_minitemple,
          cheibrodos_sewer_entry_sluice, wad_orctagon
Sewer:    sewer_hellmonk_slimy_pipes

Notes
Turn   | Place    | Note
-------+----------+-------------------------------------------
     0 | D:1      | zeratav the Octopode Transmuter began the quest for the
                  | Orb.
     0 | D:1      | Reached XP level 1. HP: 13/13 MP: 3/3
     0 | D:1      | magus.rc [v1.9.6]
   424 | D:1      | Reached XP level 2. HP: 18/18 MP: 0/5
   472 | D:1      | You pick up a book of Armaments and begin reading...
   472 | D:1      | You add the spells Stone Arrow and Lehudib's Crystal Spear
                  | to your library.
   946 | D:2      | Reached skill level 1 in Stealth
  1176 | D:2      | Reached XP level 3. HP: 19/23 MP: 4/6
  1378 | D:2      | HP: 5/23 [kobold/+0 dagger (4)]
  2318 | D:3      | Found a hazy altar of Hepliaklqana.
  2318 | D:3      | Found a burning altar of Makhleb.
  2325 | D:3      | Found a shimmering blue altar of Sif Muna.
  2327 | D:3      | Found a hide-covered altar of Uskayaw.
  2329 | D:3      | Found an iron altar of Okawaru.
  2732 | D:3      | Found a glowing drain.
  2741 | Sewer    | Entered a sewer
  2799 | Sewer    | Reached XP level 4. HP: 11/29 MP: 7/7
  3316 | Sewer    | Reached skill level 2 in Stealth
  3872 | Sewer    | Learned a level 3 spell: Spider Form
  3956 | Sewer    | Splashed by a jelly's acid

Vanquished Creatures
  2 adders
  2 river rats (Sewer)
  2 worms
  A dart slug (D:1)
  2 orcs (D:3)
  3 ball pythons
  11 endoplasms
  6 giant cockroaches
  4 goblins
  2 hobgoblins (D:2)
  3 bats (D:2)
  6 frilled lizards
  3 kobolds
  5 rats
52 creatures vanquished.

Table legend:
 A = Non-vault XP
 B = Vault XP
 C = Vault XP percentage of total XP
 D = Non-vault monster count
 E = Vault monster count
 F = Vault count percentage of total count
                 A         B        C        D         E       F
            +---------+---------+-------+---------+---------+-------
      Total |      54 |      89 |  62.2 |      23 |      29 |  55.8
            +---------+---------+-------+---------+---------+-------
        D:1 |      14 |       0 |   0.0 |       7 |       0 |   0.0
        D:2 |      37 |      10 |  21.3 |      13 |       6 |  31.6
        D:3 |       3 |       6 |  66.7 |       3 |       2 |  40.0
      Sewer |       0 |      73 | 100.0 |       0 |      21 | 100.0
            +---------+---------+-------+---------+---------+-------

Illustrated notes

Table legend:
 A = Kills in this place as a percentage of kills in entire the game.
 B = Kills by you in this place as a percentage of kills by you in the entire game.
 C = Kills by friends in this place as a percentage of kills by friends in the entire game.
 D = Other kills in this place as a percentage of other kills in the entire game.
 E = Experience gained in this place as a percentage of experience gained in the entire game.
 F = Experience gained in this place divided by the number of levels of this place that you have seen.
                   A       B       C       D       E      F
               +-------+-------+-------+-------+-------+----------------------
         Total | 100.0 | 100.0 |   N/A |   N/A | 100.0 |  35.8
       Dungeon |  59.6 |  59.6 |   N/A |   N/A |  49.0 |  23.3
         Sewer |  40.4 |  40.4 |   N/A |   N/A |  51.0 |  73.0
               +-------+-------+-------+-------+-------+----------------------

Table legend: (Time is in decaauts)
 A = Elapsed time spent in this place.
 B = Non-inter-level travel time spent in this place.
 C = Inter-level travel time spent in this place.
 D = Time resting spent in this place.
 E = Time spent auto-exploring this place.
 F = Levels seen in this place.
 G = Mean time per level.
                   A        B        C        D        E       F      G
               +--------+--------+--------+--------+--------+-----+--------+
         Total |   3948 |   3739 |    209 |   1459 |   1372 |   4 |  987.0 |
       Dungeon |   2738 |   2529 |    209 |    407 |   1372 |   3 |  912.7 |
         Sewer |   1210 |   1210 |      0 |   1052 |      0 |   1 | 1210.0 |
               +--------+--------+--------+--------+--------+-----+--------+

Top non-repeatable levels by time:
   Sewer: 1210 daAuts
     D:1: 1145 daAuts
     D:2: 1056 daAuts
     D:3: 536 daAuts
